 Dungeon Crawl Stone Soup version 0.27-a0-652-g2d5cf1dcd3 (webtiles) character file.

Game seed: 3276960928353616606

313184 Johnny the Eclecticist (level 20, -25/137 HPs)
             Began as a Deep Elf Earth Elementalist on Mar 16, 2021.
             Was the Champion of Okawaru.
             Killed by an exploding bloated husk (27 damage)
             ... on level 4 of the Swamp.
             The game lasted 01:30:45 (61018 turns).

Johnny the Eclecticist (DEEE)                      Turns: 61018, Time: 01:30:46

Health: -25/137    AC: 21    Str:  5    XL:     20   Next: 80%
Magic:  7/46       EV: 10    Int: 42    God:    Okawaru [******]
Gold:   1962       SH: 16    Dex: 13    Spells: 28/60 levels left

rFire    . . .     SeeInvis +   x - staff of earth
rCold    . . .     Faith    .   L - +4 kite shield {AC+3}
rNeg     . . .     Spirit   .   z - +3 scale mail of Istrugedd {rElec Str-4 Int+9}
rPois    +         Reflect  .   W - +0 hat of Noaxuamn {Harm rPois Str+4 Dex-2}
rElec    +         Harm     +   p - +2 cloak of the Thief {*Fog Slay-2 SInv Stlth+}
rCorr    .         Rampage  +   K - +1 pair of gloves
Will     ++++.                  O - +2 pair of boots {rampage}
Stlth    ++++......             (no amulet)
HPRegen  0.32/turn              e - ring of the Mage {Wiz Will++ Int+3}
MPRegen  0.30/turn              r - +4 ring of evasion

@: very slightly contaminated, studying 2 skills, invisible
A: beak, see invisible
}: 1/15 runes: serpentine
a: Renounce Religion, Heroism, Finesse


You were on level 4 of the Swamp.
You worshipped Okawaru.
Okawaru was exalted by your worship.
You visited 7 branches of the dungeon, and saw 35 of its levels.
You visited the Abyss 1 time.
You also visited: Gauntlet and Ice Cave.

You collected 3861 gold pieces.
You spent 1899 gold pieces at shops.

Inventory:

Hand Weapons
 A - the +6 Majin-Bo {vamp, MP+6 Int+6}
   (You took it off a deep elf death mage on level 3 of the Elven Halls)

   It inflicts no extra harm, but heals its wielder when it wounds a living foe.
   It affects your intelligence (+6).
   It affects your magic capacity (+6).
Missiles
 b - 887 stones
Armour
 f - the +1 ring mail of Beallaun {rF+ rC+}
   (You found it on level 13 of the Dungeon)

   It protects you from fire.
   It protects you from cold.
 i - a +4 troll leather armour
 p - the +2 cloak of the Thief (worn) {*Fog Slay-2 SInv Stlth+}
   (You found it on level 1 of the Elven Halls)

   It affects your accuracy and damage with ranged weapons and melee attacks
   (-2).
   It lets you see invisible.
   It makes you more stealthy.
 z - the +3 scale mail of Istrugedd (worn) {rElec Str-4 Int+9}
   (You found it on level 8 of the Dungeon)

   It affects your strength (-4).
   It affects your intelligence (+9).
   It insulates you from electricity.
 K - a +1 pair of gloves (worn)
 L - a +4 kite shield of protection (worn)
 N - the +17 plate armour of Fun {*Drain rF+++ rN+++ Slay-3}
   (Okawaru gifted it to you on level 3 of the Elven Halls)

   It affects your accuracy and damage with ranged weapons and melee attacks
   (-3).
   It renders you almost immune to fire.
   It renders you almost immune to negative energy.
   It causes draining when unequipped.
 O - a +2 pair of boots of rampaging (worn)
 W - the +0 hat of Noaxuamn (worn) {Harm rPois Str+4 Dex-2}
   (Okawaru gifted it to you on level 4 of the Lair of Beasts)

   It affects your strength (+4).
   It affects your dexterity (-2).
   It protects you from poison.
   It increases damage dealt and taken.
Magical Staves
 x - a staff of earth (weapon)
Jewellery
 e - the ring of the Mage (right hand) {Wiz Will++ Int+3}
   (You bought it in a shop on level 2 of the Orcish Mines)

   [ring of wizardry]

   It improves your spell success rate.
   It affects your intelligence (+3).
   It affects your willpower, your defense against some magical effects.
 r - a +4 ring of evasion (left hand)
 u - a +6 ring of intelligence
 D - an amulet of regeneration
 F - a ring of resist corrosion
 I - an amulet of magic regeneration
 M - a ring of positive energy
 R - the ring of the Establishment {rPois rN+ MP+9 Int-4}
   (You found it in a Gauntlet)

   [ring of magical power]

   It affects your intelligence (-4).
   It protects you from poison.
   It protects you from negative energy.
   It affects your magic capacity (+9).
Wands
 X - a wand of acid (1)
Scrolls
 c - 2 scrolls of fog
 l - 8 scrolls of magic mapping
 n - 11 scrolls of teleportation
 q - 7 scrolls of blinking
 s - 9 scrolls of immolation
 y - 4 scrolls of noise
 B - a scroll of silence
 H - 15 scrolls of identify
 J - a scroll of torment
 P - 3 scrolls of vulnerability
 V - a scroll of holy word
Potions
 a - 6 potions of lignification
 d - 4 potions of might
 g - 20 potions of curing
 h - 4 potions of haste
 m - 7 potions of brilliance
 t - 8 potions of attraction
 v - 7 potions of mutation
 w - 2 potions of magic
 E - 3 potions of flight
 Q - 5 potions of cancellation
 S - a potion of ambrosia
Miscellaneous
 j - a condenser vane (inert)
 k - a tin of tremorstones (2/2)
 C - a box of beasts (inert)
 T - a phantom mirror
 Z - a lightning rod (4/4)


   Skills:
 - Level 18.7 Fighting
 + Level 3.1 Armour
 - Level 2.4 Dodging
 - Level 10.8 Stealth
 - Level 14.8 Shields
 + Level 20.7 Spellcasting
 - Level 1.1 Transmutations
 * Level 18.4 Earth Magic


You had 28 spell levels left.
You knew the following spells:

 Your Spells              Type           Power      Damage    Failure   Level
a - Sandblast             Erth           100%       2d20      0%          1
b - Stone Arrow           Conj/Erth      100%       3d13      1%          3
c - Lee's Rapid Deconstr  Erth           69%        3d32*     1%          5
d - Petrify               Tmut/Erth      100%       N/A       1%          4
e - Blink                 Tloc           N/A        N/A       6%          2
f - Mephitic Cloud        Conj/Pois/Air  43%        N/A       13%         3
g - Borgnjor's Vile Clut  Necr/Erth      55%        N/A       2%          5
h - Shatter               Erth           69%        3d51*     89%         9

Your spell library contained the following spells:

 Spells                   Type           Power      Damage    Failure   Level
 Passwall                 Tmut/Erth      93%        N/A       1%          2
 Beastly Appendage        Tmut           100%       N/A       2%          1
 Animate Skeleton         Necr           86%        N/A       4%          1
 Apportation              Tloc           86%        N/A       4%          1
 Corona                   Hex            47%        N/A       4%          1
 Foxfire                  Conj/Fire      100%       2x1d9     4%          1
 Magic Dart               Conj           100%       1d8       4%          1
 Pain                     Necr           100%       1d9       4%          1
 Summon Small Mammal      Summ           100%       N/A       4%          1
 Call Imp                 Summ           43%        N/A       6%          2
 Ensorcelled Hibernation  Hex/Ice        86%        N/A       6%          2
 Poisonous Vapours        Pois/Air       86%        N/A       6%          2
 Slow                     Hex            43%        N/A       6%          2
 Sublimation of Blood     Necr           21%        N/A       6%          2
 Swiftness                Air            43%        N/A       6%          2
 Spider Form              Tmut/Pois      24%        N/A       11%         3
 Ignite Poison            Fire/Tmut/Pois 46%        N/A       12%         3
 Confusing Touch          Hex            43%        N/A       13%         3
 Conjure Flame            Conj/Fire      43%        6-21      13%         3
 Dazzling Flash           Conj/Hex       86%        N/A       13%         3
 Frozen Ramparts          Ice            86%        1d10      13%         3
 Inner Flame              Hex/Fire       43%        N/A       13%         3
 Lesser Beckoning         Tloc           21%        N/A       13%         3
 Static Discharge         Conj/Air       43%        N/A       13%         3
 Tukima's Dance           Hex            43%        N/A       13%         3
 Vampiric Draining        Necr           21%        2d9       13%         3
 Animate Dead             Necr           21%        N/A       38%         4
 Hailstorm                Conj/Ice       43%        3d10      38%         4
 Olgreb's Toxic Radiance  Pois           43%        N/A       38%         4
 Passage of Golubria      Tloc           N/A        N/A       38%         4
 Sticky Flame             Conj/Fire      43%        2d6       38%         4
 Alistair's Intoxication  Tmut/Pois      32%        N/A       65%         5
 Irradiate                Conj/Tmut      24%        3d21      65%         5
 Agony                    Necr           43%        N/A       71%         5
 Fireball                 Conj/Fire      21%        3d10      71%         5
 Lightning Bolt           Conj/Air       21%        1d36      71%         5
 Hydra Form               Tmut           26%        N/A       98%         6
 Death Channel            Necr           21%        N/A       99%         6
 Eringya's Noxious Bog    Tmut/Pois      24%        N/A       99%         6
 Freezing Cloud           Conj/Ice/Air   21%        6-21      99%         6
 Invisibility             Hex            43%        N/A       99%         6
 Simulacrum               Ice/Necr       21%        N/A       99%         6
 Lehudib's Crystal Spear  Conj/Erth      55%        10d13     99%         8
 Chain Lightning          Conj/Air       21%        N/A       100%        8
 Ignition                 Fire           21%        3d8       100%        8
 Absolute Zero            Ice            21%        ∞         100%        9
 Fire Storm               Conj/Fire      21%        8d6       100%        9
 Tornado                  Air            21%        N/A       100%        9


Dungeon Overview and Level Annotations

Branches:
Dungeon (15/15)            Temple (1/1) D:4            Lair (6/6) D:9
  Swamp (4/4) Lair:4        Snake (4/4) Lair:4        Slime (0/5) Lair:6
    Orc (2/2) D:11            Elf (3/3) Orc:2        Vaults (0/5) D:13
 Depths (0/5) D:15          IceCv (visited)         Gauntlet (visited)

Altars:
Ashenzari
Cheibriados
Dithmenos
Elyvilon
Fedhas
Gozag
Hepliaklqana
Kikubaaqudgha
Makhleb
Nemelex Xobeh
Okawaru
Qazlal
Ru
Sif Muna
Trog
Uskayaw
Vehumet
Wu Jian
Xom
Yredelemnul
Zin
The Shining One
Beogh
Jiyva

Shops:
D:5 *   D:7 (   D:15 ?([*   Orc:2 =([*   Snake:2 [

Annotations:
D:7 Execuda's ghost, novice DsCK
Elf:1 3 runed translucent doors, Cakin's ghost, adept DDNe
Elf:3 1 runed translucent door, Zero's ghost, adept GrCj


Innate Abilities, Weirdness & Mutations

You have a beak for a mouth.
You have supernaturally acute eyesight. (SInv)


Message History

Your surroundings suddenly seem different.
The spriggan druid shouts!
Aiming: Corrosive Bolt
Press: ? - help, Shift-Dir - straight line, f - spriggan druid
Aim: a spriggan druid, wielding a +0 quarterstaff and wearing a +0 robe (57% to evade)
The bolt of acid misses the spriggan druid.
The will-o-the-wisp gives a chilling moan.
The will-o-the-wisp gestures.
The will-o-the-wisp conjures some foxfire! 2 foxfires come into view.
Aiming: Corrosive Bolt
Press: ? - help, Shift-Dir - straight line, f/p - spriggan druid
Aim: a spriggan druid, wielding a +0 quarterstaff and wearing a +0 robe (57% to evade)
The bolt of acid misses the spriggan druid.
The foxfire hits you!! x2
* * * LOW HITPOINT WARNING * * *
With a swish of your cloak, you release a cloud of fog.
You block the spriggan druid's attack.
The will-o-the-wisp gestures.
The will-o-the-wisp conjures some foxfire! 2 foxfires come into view.
Aiming: Corrosive Bolt
Press: ? - help, Shift-Dir - straight line, f/p - spriggan druid
Aim: a spriggan druid, wielding a +0 quarterstaff and wearing a +0 robe (blue smoke, 57% to evade)
The bolt of acid hits the spriggan druid!!
The spriggan druid is splashed with acid.
The acid corrodes the spriggan druid!
The spriggan druid is severely wounded.
The foxfire hits you.
* * * LOW HITPOINT WARNING * * *
The foxfire hits you!
* * * LOW HITPOINT WARNING * * *
The spriggan druid barely misses you.
The will-o-the-wisp gestures.
The will-o-the-wisp conjures some foxfire!
The bloated husk explodes!
The blast of putrescent gases engulfs the spriggan druid!!!
The spriggan druid dies!
The blast of putrescent gases engulfs you!!
You die...

♣ §≈≈.... ♣
♣.≈≈≈≈≈≈ D...♣
.≈.≈≈≈≈.♣♣♣♣♣
≈≈≈≈≈
♣.≈§≈...≈≈.≈♣
≈≈≈≈≈
♣.≈≈≈≈.♣≈...♣♣♣
≈x≈≈≈
≈≈≈≈≈≈.≈.≈≈v..♣
§≈≈≈.
≈≈§≈≈≈.§§§§vv♣
≈≈≈≈.
..≈≈≈≈≈§@§§§♣
....!
..≈≈≈..§§§§.♣
≈≈≈≈≈
♣♣≈≈≈.♣♣≈≈.≈§.♣
R≈≈≈♣ ♣≈≈≈≈
♣≈..≈≈♣♣ ≈..♣♣
♣♣≈≈ ♣♣≈♣♣♣♣
..♣♣ ..≈ ♣♣ ♣♣♣
.≈ ♣


You could see a will-o-the-wisp.

Vanquished Creatures
  Mara (Snake:3)
  Vashnia (Snake:4)
  2 deep elf master archers (Elf:3)
  2 deep elf blademasters (Elf:3)
  A quicksilver dragon (D:15)
  Kirke (Lair:4)
  A thorn hunter (Swamp:2)
  5 nagarajas
  5 deep elf sorcerers (Elf:3)
  Aizul (Snake:3)
  2 orc warlords
  An ironbound preserver (D:13)
  6 deep elf elementalists (Elf:3)
  2 very ugly things (IceCv)
  5 deep elf demonologists
  6 deep elf annihilators
  A dire elephant (Lair:6)
  6 bunyips
  A minotaur (Gauntlet)
  Azrael (Snake:2)
  Snorg (Orc:1)
  10 deep elf death magi
  2 eleionomae (Swamp:2)
  Fannar (D:11)
  2 deep elf high priests (Elf:3)
  A shambling mangrove (Swamp:4)
  20 hydras
  2 ogre magi (D:15)
  17 naga warriors
  A catoblepas (Lair:6)
  A death knight (D:13)
  Erica (D:9)
  2 anacondas
  18 dancing weapons
  3 death yaks (Lair:6)
  A ghost crab (Swamp:3)
  A centaur warrior (D:15)
  6 alligators
  A hell hog (Gauntlet)
  A deep troll shaman (Lair:6)
  A queen ant (Lair:3)
  27 naga sharpshooters
  10 shock serpents
  Urug (Lair:2)
  A tengu warrior (D:14)
  19 two-headed ogres
  Nergalle (Lair:3)
  6 deep elf knights
  2 orc high priests
  6 goliath frogs
  4 spriggans
  A death drake (Swamp:4)
  3 skeletal warriors (D:12)
  5 sea snakes (Snake:3)
  10 naga ritualists
  7 salamander mystics
  3 unseen horrors
  2 spriggan druids
  6 bog bodies
  An unseen horror (shapeshifter) (D:15)
  6 swamp dragons
  8 deep elf archers
  A necromancer (Swamp:3)
  2 wizards (Gauntlet)
  29 deep elf zephyrmancers
  27 deep elf pyromancers
  4 orc sorcerers
  10 orc knights
  21 salamanders
  7 mana vipers
  4 cyclopes
  6 manticores
  4 will-o-the-wisps
  7 ugly things
  A wolf spider (D:12)
  An elephant (shapeshifter) (Elf:1)
  4 centaur zombies
  10 elephants
  30 naga magi
  37 black mambas
  4 guardian serpents
  2 molten gargoyles (Lair:5)
  2 centaur skeletons
  5 ice statues (IceCv)
  11 cane toads
  A kobold demonologist (D:14)
  An efreet (D:14)
  Maggie (D:6)
  A rime drake (shapeshifter) (Elf:2)
  A golden dragon simulacrum (IceCv)
  3 anaconda simulacra (IceCv)
  4 rime drakes
  9 komodo dragons
  A tengu conjurer (D:14)
  8 trolls
  A hydra zombie (Swamp:4)
  A polar bear (shapeshifter) (D:12)
  3 polar bears
  A harpy skeleton (D:14)
  A bloated husk (Swamp:2)
  Grinder (D:6)
  3 raiju (Abyss:1)
  4 hornets
  Prince Ribbit (Lair:2)
  12 slime creatures
  4 tyrant leeches
  13 blink frogs
  A raiju (shapeshifter) (D:13)
  Sigmund (D:6)
  2 air elementals
  3 shadows
  A vampire (D:6)
  A dire elephant simulacrum (IceCv)
  9 wyverns
  7 water elementals
  5 wraiths
  70 yaks
  6 fire elementals
  A hog (Lair:4)
  4 basilisks
  A chaos spawn (Abyss:1)
  3 fire bats (Gauntlet)
  A neqoxec (Abyss:1)
  11 vampire mosquitoes
  Menkaure (D:6)
  15 swamp worms
  60 nagas
  A harpy simulacrum (IceCv)
  11 water moccasins
  8 hell hounds
  3 wargs
  2 acid dragons (D:13)
  15 soldier ants
  3 hydra simulacra (IceCv)
  A large abomination (Abyss:1)
  6 swamp drakes
  11 ice beasts
  4 sky beasts
  A black bear (D:6)
  A hornet zombie (D:13)
  56 orc warriors
  4 boggarts (D:14)
  20 ogres
  22 wolves
  18 centaurs
  2 phantoms
  5 kobold brigands
  A small abomination (Abyss:1)
  18 bullfrogs
  7 earth elementals
  4 scorpions
  4 killer bees (D:8)
  6 howler monkeys
  8 electric eels
  A quasit (D:9)
  A bullfrog zombie (D:12)
  5 lava snakes (Lair:5)
  4 jellies
  22 orc priests
  Crazy Yiuf (D:2)
  9 hounds
  A bullfrog skeleton (D:13)
  An iron imp (Abyss:1)
  4 iguanas
  36 worker ants
  42 orc wizards
  2 hound zombies
  3 hound skeletons
  A howler monkey zombie (D:8)
  2 worker ant zombies
  6 gnolls
  A swamp drake zombie (Swamp:4)
  9 adders
  4 shadow imps
  2 white imps
  2 oozes (D:1)
  3 adder skeletons
  3 worms
  A dart slug (D:3)
  A leopard gecko (D:3)
  94 orcs
  5 giant cockroaches
  10 hobgoblins
  12 jackals
  3 quokkas
  2 ball pythons
  3 bats
  3 frilled lizards
  7 goblins
  A jackal zombie (D:5)
  22 kobolds
  2 leopard gecko skeletons
  2 quokka zombies
  5 rats
1360 creatures vanquished.

Vanquished Creatures (collateral kills)
  An orc high priest (Elf:2)
  An orc warrior (Elf:2)
  2 worker ants (Lair:3)
4 creatures vanquished.

Vanquished Creatures (others)
  A spriggan druid (Swamp:4)
  2 orc knights (Elf:2)
  2 bloated husks
  A worker ant (Lair:3)
  A white imp (D:5)
  19 foxfires
  12 fungi
  A lurking horror (Abyss:1)
  63 plants
102 creatures vanquished.

Grand Total: 1466 creatures vanquished

Notes
Turn   | Place    | Note
-------+----------+-------------------------------------------
     0 | D:1      | Johnny the Deep Elf Earth Elementalist began the quest for
                  | the Orb.
     0 | D:1      | Reached XP level 1. HP: 10/10 MP: 6/6
   384 | D:1      | Reached XP level 2. HP: 16/16 MP: 6/8
   435 | D:1      | Reached skill level 1 in Fighting
  1746 | D:2      | Reached XP level 3. HP: 20/20 MP: 6/10
  2629 | D:2      | Found a runed translucent door.
  2630 | D:2      | Noticed Crazy Yiuf
  2637 | D:2      | Killed Crazy Yiuf
  2638 | D:2      | Reached skill level 4 in Spellcasting
  2638 | D:2      | Reached XP level 4. HP: 26/26 MP: 7/12
  3101 | D:3      | Noticed a bullfrog
  3112 | D:3      | Gained mutation: You have supernaturally acute eyesight.
                  | (SInv) [potion of mutation]
  3112 | D:3      | Gained mutation: You have a beak for a mouth. [potion of
                  | mutation]
  3114 | D:3      | Killed a bullfrog
  3115 | D:3      | Reached XP level 5. HP: 12/31 MP: 10/13
  4279 | D:4      | Reached skill level 5 in Spellcasting
  4279 | D:4      | Reached XP level 6. HP: 37/37 MP: 15/15
  4625 | D:4      | Found a staircase to the Ecumenical Temple.
  4650 | Temple   | Entered the Ecumenical Temple
  4820 | Temple   | Became a worshipper of Warmaster Okawaru
  5178 | D:4      | Found a shimmering blue altar of Sif Muna.
  5246 | D:4      | Reached skill level 5 in Earth Magic
  5558 | D:5      | Entered Level 5 of the Dungeon
  5632 | D:5      | Found Ciciod's General Store.
  5636 | D:5      | Reached XP level 7. HP: 43/43 MP: 13/17
  5664 | D:5      | Bought a scroll of identify for 24 gold pieces
  5664 | D:5      | Bought a potion of lignification for 36 gold pieces
  5664 | D:5      | Bought a scroll of identify for 24 gold pieces
  5810 | D:5      | Reached skill level 6 in Spellcasting
  6509 | D:5      | Reached * piety under Okawaru
  6510 | D:5      | Reached skill level 5 in Fighting
  7161 | D:6      | Noticed Sigmund
  7178 | D:6      | Killed Sigmund
  7179 | D:6      | Reached skill level 7 in Spellcasting
  7179 | D:6      | Reached XP level 8. HP: 34/50 MP: 16/20
  7430 | D:6      | Learned a level 3 spell: Stone Arrow
  7436 | D:6      | Learned a level 5 spell: Lee's Rapid Deconstruction
  7441 | D:6      | Learned a level 4 spell: Petrify
  7444 | D:6      | Learned a level 2 spell: Blink
  7444 | D:6      | Noticed Menkaure
  7454 | D:6      | Killed Menkaure
  7526 | D:6      | Reached ** piety under Okawaru
  7906 | D:6      | Reached skill level 8 in Spellcasting
  7915 | D:6      | Noticed Maggie
  8170 | D:6      | Killed Maggie
  8171 | D:6      | Reached XP level 9. HP: 56/56 MP: 8/23
  8324 | D:6      | Noticed Grinder
  8329 | D:6      | Killed Grinder
  8597 | D:6      | Reached *** piety under Okawaru
  9132 | D:7      | Reached skill level 9 in Spellcasting
  9276 | D:7      | Found Aqorefone's Weapon Emporium.
  9370 | D:6      | Identified the +7 hand axe of the Original Sin {drain, +Inv
                  | MP-9 Str+3}
  9660 | D:7      | Reached skill level 1 in Shields
  9704 | D:7      | Found a large runed translucent door.
  9704 | D:7      | Found a large runed translucent door.
  9716 | D:7      | Noticed Execuda's ghost (novice DsCK)
 10558 | D:8      | Noticed a two-headed ogre
 10569 | D:8      | Killed a two-headed ogre
 11103 | D:8      | Identified the +3 scale mail of Istrugedd {rElec Str-4
                  | Int+9}
 11110 | D:8      | Reached XP level 10. HP: 64/64 MP: 23/25
 11278 | D:9      | Reached **** piety under Okawaru
 11286 | D:9      | Reached skill level 10 in Spellcasting
 11675 | D:9      | Found a staircase to the Lair.
 11829 | D:9      | Noticed Erica
 11850 | D:9      | Killed Erica
 12156 | D:9      | Noticed a two-headed ogre
 12173 | D:9      | Killed a two-headed ogre
 12173 | D:9      | Reached ***** piety under Okawaru
 12174 | D:9      | Reached skill level 5 in Shields
 12637 | D:10     | Entered Level 10 of the Dungeon
 12814 | D:10     | Reached XP level 11. HP: 71/72 MP: 0/27
 12999 | D:10     | Reached skill level 11 in Spellcasting
 13163 | D:10     | Noticed an unseen horror
 13165 | D:10     | Noticed a two-headed ogre
 13176 | D:10     | Killed a two-headed ogre
 13177 | D:10     | Killed an unseen horror
 13566 | D:10     | Noticed a two-headed ogre
 13570 | D:10     | Killed a two-headed ogre
 13571 | D:10     | Reached skill level 10 in Fighting
 13837 | D:10     | Received a gift from Okawaru
 14293 | D:11     | Reached skill level 10 in Earth Magic
 14423 | D:11     | Noticed a white ugly thing
 14436 | D:11     | Killed a white ugly thing
 14449 | D:10     | Reached ****** piety under Okawaru
 15065 | D:11     | Learned a level 3 spell: Mephitic Cloud
 15731 | D:11     | Found a staircase to the Orcish Mines.
 15937 | D:11     | Reached skill level 12 in Spellcasting
 16024 | D:12     | Noticed Fannar
 16188 | Orc:1    | Entered Level 1 of the Orcish Mines
 16223 | Orc:1    | Found a burning altar of Makhleb.
 16223 | Orc:1    | Noticed an orc high priest
 16234 | Orc:1    | Killed an orc high priest
 16763 | Orc:1    | Found a shimmering blue altar of Sif Muna.
 16848 | Orc:2    | Entered Level 2 of the Orcish Mines
 16882 | Orc:2    | Noticed an orc warlord
 16982 | Orc:2    | Received a gift from Okawaru
 16983 | Orc:2    | Reached XP level 12. HP: 79/79 MP: 17/30
 17081 | Orc:2    | Noticed an iron giant
 17081 | Orc:2    | an orc warlord changed into an iron giant
 17233 | D:12     | Noticed a two-headed ogre
 17523 | D:12     | Noticed a two-headed ogre
 17535 | D:12     | Killed a two-headed ogre
 17683 | D:12     | Killed a two-headed ogre
 18209 | D:12     | Noticed a two-headed ogre
 18214 | D:12     | Killed a two-headed ogre
 18359 | D:12     | Noticed a boulder beetle
 18545 | D:12     | Reached skill level 13 in Spellcasting
 18748 | D:12     | a boulder beetle changed into a goliath frog
 19288 | D:13     | Found a gate to the Vaults.
 19288 | D:13     | Noticed an ironbound preserver
 19295 | D:13     | Killed an ironbound preserver
 19295 | D:13     | Received a gift from Okawaru
 19296 | D:13     | Reached XP level 13. HP: 86/86 MP: 16/32
 19767 | D:13     | Reached skill level 10 in Shields
 19852 | D:13     | Identified the +1 ring mail of Beallaun {rF+ rC+}
 20558 | D:14     | Received a gift from Okawaru
 21212 | D:14     | Reached skill level 14 in Spellcasting
 21463 | D:14     | Found a radiant altar of Vehumet.
 22350 | D:15     | Entered Level 15 of the Dungeon
 22474 | D:15     | Found Mowkarph's Weapon Boutique.
 22492 | D:15     | Received a gift from Okawaru
 22987 | D:15     | Reached XP level 14. HP: 94/94 MP: 27/34
 23060 | D:15     | Found Zecrio's Assorted Antiques.
 23095 | D:15     | Noticed a quicksilver dragon
 23095 | D:15     | a boulder beetle changed into a quicksilver dragon
 23102 | D:15     | Killed a quicksilver dragon
 23330 | D:15     | Received a gift from Okawaru
 23624 | D:15     | Found a staircase to the Depths.
 23660 | D:15     | Found a stormy altar of Qazlal.
 23753 | D:15     | Found Uttomnu's Antique Armour Shoppe.
 23766 | D:15     | Bought a pair of runed boots for 232 gold pieces
 23804 | D:15     | Found Bocvakh's Magic Scroll Emporium.
 23826 | D:15     | Bought a scroll of enchant armour for 112 gold pieces
 23826 | D:15     | Bought a scroll of teleportation for 45 gold pieces
 23826 | D:15     | Bought a scroll of vulnerability for 112 gold pieces
 23826 | D:15     | Bought a scroll of identify for 30 gold pieces
 23826 | D:15     | Bought 3 scrolls of blinking for 337 gold pieces
 23826 | D:15     | Bought a scroll of vulnerability for 112 gold pieces
 23826 | D:15     | Bought a scroll of identify for 30 gold pieces
 23826 | D:15     | Bought a scroll of identify for 30 gold pieces
 24251 | Orc:1    | Noticed Snorg
 24256 | Orc:1    | Reached skill level 15 in Spellcasting
 24272 | Orc:1    | Killed Snorg
 24996 | Orc:2    | Found a staircase to the Elven Halls.
 25050 | Orc:2    | Paralysed by an orc sorcerer for 3 turns
 25291 | Orc:2    | Noticed an orc warlord
 25305 | Orc:2    | Killed an orc warlord
 25305 | Orc:2    | Received a gift from Okawaru
 25655 | Orc:2    | Found Feom's General Store.
 25759 | Orc:2    | Found Ufeuv's Antique Armour Shop.
 26077 | Orc:2    | Found Dulenn's Antique Weapon Shop.
 26093 | Orc:2    | Found Noepsy's Jewellery Shop.
 26321 | Elf:1    | Entered Level 1 of the Elven Halls
 26930 | Elf:1    | Noticed a Tzitzimitl
 27039 | Elf:1    | Reached XP level 15. HP: 97/101 MP: 14/36
 27198 | Elf:1    | Found the +2 cloak of the Thief {*Fog Slay-2 SInv Stlth+}
 27365 | Elf:1    | Received a gift from Okawaru
 27538 | Elf:1    | Found a runed translucent gate.
 27539 | Elf:1    | Found a runed translucent gate.
 27539 | Elf:1    | Found a runed translucent gate.
 27539 | Elf:1    | Noticed Cakin's ghost (adept DDNe)
 27539 | Elf:1    | Noticed a frost giant
 27540 | Elf:1    | Found an iron altar of Okawaru.
 27540 | Elf:1    | Noticed an orc warlord
 28599 | D:11     | Killed Fannar
 28749 | Lair:1   | Entered Level 1 of the Lair of Beasts
 28755 | Lair:1   | Reached skill level 16 in Spellcasting
 30133 | Lair:2   | Noticed Urug
 30149 | Lair:2   | Killed Urug
 30475 | Lair:2   | Noticed Prince Ribbit
 30477 | Lair:2   | Killed Prince Ribbit
 30825 | Lair:2   | Learned a level 5 spell: Borgnjor's Vile Clutch
 30838 | Lair:3   | Found an opulent altar of Gozag.
 31152 | Lair:3   | Noticed Nergalle
 31170 | Lair:3   | Killed Nergalle
 31198 | Lair:3   | Identified the +4 broad axe of Memics {drain, rPois rF-
                  | Str+3 Int+4} (Okawaru gifted it to you on level 3 of the
                  | Lair of Beasts)
 31198 | Lair:3   | Received a gift from Okawaru
 31381 | Lair:3   | Reached skill level 15 in Fighting
 32114 | Lair:4   | Found a gate leading to a gauntlet.
 32124 | Gauntlet | Entered a Gauntlet
 32124 | Gauntlet | Found a transporter.
 32124 | Gauntlet | Found a transporter.
 32134 | Gauntlet | Found a transporter.
 32138 | Gauntlet | Found a transporter.
 32146 | Gauntlet | Found a transporter.
 32150 | Gauntlet | Found a transporter.
 32159 | Gauntlet | Found the +3 pair of gauntlets of War {Slay+5}
 32159 | Gauntlet | Found a transporter.
 32174 | Gauntlet | Found a transporter.
 32192 | Gauntlet | Found a transporter.
 32192 | Gauntlet | Found a transporter.
 32203 | Gauntlet | Found a transporter.
 32207 | Gauntlet | Found a transporter.
 32260 | Gauntlet | Identified the Papyrus of Contamination
 32290 | Gauntlet | Identified the ring of the Establishment {rPois rN+ MP+9
                  | Int-4}
 32499 | Gauntlet | Identified the +0 robe of the Pit {Int+5}
 32507 | Gauntlet | Identified the Tome of Moulding
 33038 | Lair:4   | Identified the +0 hat of Noaxuamn {Harm rPois Str+4 Dex-2}
                  | (Okawaru gifted it to you on level 4 of the Lair of Beasts)
 33038 | Lair:4   | Received a gift from Okawaru
 33041 | Lair:4   | Noticed Kirke
 33043 | Lair:4   | Killed Kirke
 33339 | Lair:4   | Found a staircase to the Snake Pit.
 33546 | Lair:4   | Found a staircase to the Swamp.
 33934 | Lair:5   | Reached XP level 16. HP: 108/108 MP: 28/38
 35160 | Lair:6   | Entered Level 6 of the Lair of Beasts
 35164 | Lair:6   | Found a staircase to the Slime Pits.
 35165 | Lair:6   | Found a viscous altar of Jiyva.
 35804 | Lair:6   | Reached skill level 17 in Spellcasting
 36508 | Lair:6   | Received a gift from Okawaru
 36707 | Lair:6   | Reached skill level 15 in Earth Magic
 37105 | Lair:6   | Identified the Almanac of Frigorific Attacks
 37116 | Lair:6   | Reached XP level 17. HP: 115/115 MP: 40/40
 37459 | Orc:2    | Bought the ring of the Mage {Wiz Will++ Int+3} for 775 gold
                  | pieces
 37459 | Orc:2    | Found the ring of the Mage {Wiz Will++ Int+3}
 37741 | Elf:1    | Cast into level 1 of the Abyss (deep elf zephyrmancer)
 37954 | Elf:1    | Escaped the Abyss
 39052 | Elf:2    | Found a huge runed translucent gate.
 39052 | Elf:2    | Found a huge runed translucent gate.
 39052 | Elf:2    | Found a huge runed translucent gate.
 39053 | Elf:2    | Found a huge runed translucent gate.
 39054 | Elf:2    | Found a huge runed translucent gate.
 39504 | Elf:3    | Entered Level 3 of the Elven Halls
 39798 | Elf:3    | Received a gift from Okawaru
 40136 | Elf:3    | Reached skill level 18 in Spellcasting
 40333 | Elf:3    | Reached XP level 18. HP: 122/122 MP: 2/42
 40747 | Elf:3    | Found a runed translucent door.
 40748 | Elf:3    | Noticed Zero's ghost (adept GrCj)
 41069 | Elf:3    | Received a gift from Okawaru
 41698 | Elf:3    | Identified the +3 leather armour of Grace {rElec Stlth+}
 41851 | Elf:3    | Identified the +3 glaive of the Kidney {speed, Will+ Int+4}
 41854 | Elf:3    | Identified the +1 leather armour of Ywulecs {Harm rF+++
                  | Str+7 Stlth-}
 42168 | Elf:3    | Identified the +17 plate armour of Fun {*Drain rF+++ rN+++
                  | Slay-3} (Okawaru gifted it to you on level 3 of the Elven
                  | Halls)
 42168 | Elf:3    | Received a gift from Okawaru
 42213 | Elf:3    | Identified the +4 halberd "Aclugg" {drain, *Corrode rN++}
 42213 | Elf:3    | Identified the +2 robe of Idealism {SInv}
 42233 | Elf:3    | Identified the ring of Eregruar {Fire rN+}
 42361 | Elf:3    | Identified the +0 scale mail of Zijufel {*Contam rC++ Dex-2
                  | Stlth+}
 43206 | Snake:1  | Entered Level 1 of the Snake Pit
 44093 | Snake:2  | Reached skill level 19 in Spellcasting
 44397 | Snake:2  | Noticed Azrael
 44805 | Snake:2  | Reached XP level 19. HP: 128/128 MP: 40/44
 44958 | Snake:2  | Killed Azrael
 45552 | Snake:2  | Found Pargha's Armour Boutique.
 45759 | Snake:2  | Identified the +6 chain mail of the Harp {Rampage rF++
                  | Int-3 Dex+8}
 45868 | Snake:3  | Identified the +1 ring mail "Juox" {rPois SInv} (Okawaru
                  | gifted it to you on level 3 of the Snake Pit)
 45868 | Snake:3  | Received a gift from Okawaru
 46586 | Snake:3  | Noticed Mara
 46997 | Snake:3  | Noticed Aizul
 47006 | Snake:3  | Killed Aizul
 47645 | Snake:4  | Entered Level 4 of the Snake Pit
 48398 | Snake:3  | Reached skill level 5 in Stealth
 49076 | Snake:3  | Noticed Johnny's illusion
 49080 | Snake:3  | Killed Mara
 49565 | Snake:4  | Noticed Vashnia
 49816 | Snake:4  | Identified the +1 battleaxe of Domination {vorpal, *Slow
                  | Will+ Dex+9 SInv} (Okawaru gifted it to you on level 4 of
                  | the Snake Pit)
 49816 | Snake:4  | Received a gift from Okawaru
 49971 | Snake:4  | Killed Vashnia
 51397 | Snake:4  | Received a gift from Okawaru
 51639 | Snake:4  | Reached XP level 20. HP: 137/137 MP: 12/45
 51705 | Snake:4  | Reached skill level 20 in Spellcasting
 52070 | Snake:4  | Received a gift from Okawaru
 52395 | Snake:4  | Got a serpentine rune of Zot
 53252 | Swamp:1  | Entered Level 1 of the Swamp
 53296 | Swamp:1  | Reached skill level 10 in Stealth
 53369 | Swamp:1  | Found a frozen archway.
 53388 | IceCv    | Entered an ice cave
 54092 | IceCv    | Identified the amulet "Ywok" {Spirit rPois}
 55262 | Swamp:2  | Identified a scroll of acquirement
 55264 | Swamp:2  | Acquired a staff of earth
 55835 | Swamp:2  | Learned a level 9 spell: Shatter
 56769 | Swamp:3  | Reached skill level 1 in Armour
 57808 | Swamp:4  | Entered Level 4 of the Swamp
 57811 | Swamp:4  | Received a gift from Okawaru
 58636 | Swamp:4  | HP: 4/137 [bog body/bolt of cold (32)]
 61018 | Swamp:4  | HP: 2/137 [will-o-the-wisp/foxfire (14)]
 61018 | Swamp:4  | Killed by an exploding bloated husk

Illustrated notes

Levels and vault maps discovered:
D:1:      eino_arrival_tree_alley, layout_basic
D:2:      layout_basic, st_stairs_14, uniq_crazy_yiuf_cottage
D:3:      layout_basic
D:4:      layout_loops_cross, nicolae_sif_muna_little_library, temple_green
D:5:      layout_basic, serial_shops, nicolae_shop_stone
D:6:      minmay_spotlight, layout_cave_pools, grunt_ministairs_2,
          minmay_manual_monolith, uniq_grinder, uniq_menkaure, uniq_sigmund,
          uniq_maggie
D:7:      layout_basic, serial_shops,
          nicolae_shop_temple_entry_statues_fountains,
          ebering_ghost_disaster_area
D:8:      layout_cave_pools, serial_glass, glass_columns_a, glass_columns_b
D:9:      layout_irregular_city, david_lair_shrubbed, uniq_erica
D:10:     layout_long_grid, grunt_ministairs_13
D:11:     layout_cave_pools, erik_orc_2, minmay_misc_feat_four_crosses
D:12:     minmay_open_boxes_in_corner, layout_basic, uniq_fannar
D:13:     layout_roguey, skrybe_vaults_entry_preservation, hive_lemuel
D:14:     layout_basic, nicolae_vehumet_altar_sigil
D:15:     grunt_enter_depths_magical_seal, layout_irregular_city, serial_shops,
          nicolae_shop_waterfront, nicolae_shop_window_shopping, shop,
          shop_fountains, grunt_qazlal_clouds
Temple:   kilobyte_greek_temple
Lair:1:   layout_long_grid, dpeg_stationary_puzzle, lemuel_fruit_fields
Lair:2:   layout_small_grid, chequers_serial_rivers_micro_d, st_stairs_7,
          uniq_prince_ribbit2, uniq_urug
Lair:3:   layout_chaotic_city, basic_altar, zaba_anthell, uniq_nergalle
Lair:4:   layout_loops_ring, nicolae_swamp_entry_splash_gauntlet,
          minmay_snake_entry_guardpost_medium, gauntlet_entry_generic,
          serial_bayou_ford_a, minivault_11, grunt_megastairs_1, uniq_kirke
Lair:5:   cheibrodos_magma_flow, layout_long_grid
Lair:6:   grunt_lair_end_beastmaster, layout_hall_layers, slime_altar_1,
          lemuel_fruit_fields, lemuel_fruit_tree
Swamp:1:  layout_basic_swamp, portal_ice_cave_entry_pillars_1,
          evilmike_swamp_ruin_house_6, swamp_pool3
Swamp:2:  layout_basic_swamp, evilmike_swamp_ruin_rubble_1
Swamp:3:  layout_falls_marsh, evilmike_swamp_ruin_rubble_2
Swamp:4:  swamp_alternative, layout_basic_swamp, swamp_pool1,
          nicolae_swamp_necromancer_hut
Snake:1:  layout_rooms
Snake:2:  layout_onion_interference, minmay_shop_grid_forest,
          grunt_megastairs_3, uniq_azrael
Snake:3:  nicolae_sea_snake_s, layout_layer_cave, special_room, uniq_aizul,
          uniq_mara
Snake:4:  snake_pit, layout_basic, uniq_vashnia
Orc:1:    layout_diamond_mine, basic_altar, led_sif_book, uniq_snorg
Orc:2:    grunt_orc_cross, layout_diamond_mine
Elf:1:    eino_elf_arrival_customs, layout_geoelf_grid,
          gammafunk_ghost_fury_of_okawaru, hangedman_elf_represent
Elf:2:    layout_loops_corners, special_room [special_room_orc], drop_trap
Elf:3:    elf_hall, layout_gridlike, gammafunk_ghost_grave, grunt_ministairs_9

Skill      XL: |  1  2  3  4  5  6  7  8  9 10 11 12 13 14 15 16 17 18 19 20 |
---------------+-------------------------------------------------------------+-----
Fighting       | 1 2 3 4 5 6 8 9 10 12 13 14 15 16 17 18 | 18.7
Spellcasting   | 4 5 7 8 9 10 12 13 14 15 16 17 18 19 20 | 20.7
Earth Magic    | 4 5 6 7 8 9 10 11 12 13 14 15 16 17 18 | 18.4
Shields        | 3 5 7 9 11 12 13 14 | 14.8
Stealth        | 8 10 | 10.8
Armour         | 3 |  3.1
Dodging        | |  2.4
Transmutations | |  1.1

Action                   |  1- 3 |  4- 6 |  7- 9 | 10-12 | 13-15 | 16-18 | 19-21 || total
-------------------------+-------+-------+-------+-------+-------+-------+-------++-------
Melee: Unarmed           |    11 |       |       |       |       |       |       ||    11
       Dagger            |    24 |       |       |       |       |       |       ||    24
       Quarterstaff      |       |    68 |    55 |       |       |       |       ||   123
       Peck              |       |     7 |    13 |    24 |    53 |    34 |     2 ||   133
       Spear             |       |       |    41 |   184 |   414 |   231 |     9 ||   879
       Staff             |       |       |       |       |       |       |     2 ||     2
 Cast: Sandblast         |    45 |    13 |    80 |   121 |   121 |    59 |    55 ||   494
       Stone Arrow       |       |       |    33 |   126 |   276 |   222 |   406 ||  1063
       Lee's Rapid Decon |       |       |    19 |    77 |   151 |   163 |   225 ||   635
       Petrify           |       |       |     1 |    16 |    10 |       |     9 ||    36
       Blink             |       |       |       |     4 |     7 |     6 |    31 ||    48
       Mephitic Cloud    |       |       |       |     3 |       |       |       ||     3
Invok: Heroism           |       |       |       |       |     1 |       |       ||     1
Evoke: Wand              |       |       |     6 |    21 |    14 |    21 |    28 ||    90
       Condenser vane    |       |       |       |       |     3 |     2 |     3 ||     8
       Lightning rod     |       |       |       |       |       |     2 |     5 ||     7
       Box of beasts     |       |       |       |       |       |       |     3 ||     3
       Tin of tremorston |       |       |       |       |       |       |     1 ||     1
  Use: Potion            |       |     1 |     3 |     3 |     2 |     3 |     3 ||    15
       Scroll            |       |       |    19 |    11 |    11 |    10 |    14 ||    65
 Stab: Sleeping          |     2 |     6 |     3 |     1 |     2 |     3 |     1 ||    18
       Petrified         |       |     2 |     1 |     3 |     3 |       |       ||     9
       Paralysed         |       |     1 |     2 |       |       |     7 |       ||    10
       Distracted        |       |     1 |       |     2 |     1 |       |       ||     4
       Petrifying        |       |       |       |       |     1 |       |     1 ||     2
       Confused          |       |       |       |       |     1 |       |       ||     1
Armor: Robe              |     8 |    10 |    14 |       |       |       |       ||    32
       Skin              |       |       |    13 |    15 |       |       |       ||    28
       Steam dragon scal |       |       |    16 |    64 |       |       |       ||    80
       Troll leather arm |       |       |       |    13 |   215 |   138 |       ||   366
       Scale mail        |       |       |       |       |       |    27 |   209 ||   236
Dodge: Dodged            |    39 |    58 |   107 |   200 |   312 |   222 |   141 ||  1079
Block: Kite shield       |       |       |       |    53 |   488 |   411 |   315 ||  1267

Table legend: (Time is in decaauts)
 A = Elapsed time spent in this place.
 B = Non-inter-level travel time spent in this place.
 C = Inter-level travel time spent in this place.
 D = Time resting spent in this place.
 E = Time spent auto-exploring this place.
 F = Levels seen in this place.
 G = Mean time per level.
                   A        B        C        D        E       F      G
               +--------+--------+--------+--------+--------+-----+--------+
         Total |  61482 |  58523 |   2959 |  19595 |  29961 |  38 | 1617.9 |
       Dungeon |  23638 |  22500 |   1138 |   5464 |  13704 |  15 | 1575.9 |
        Temple |    207 |    147 |     60 |      0 |    143 |   1 |  207.0 |
          Lair |   8384 |   7881 |    503 |    574 |   6003 |   6 | 1397.3 |
         Swamp |   7216 |   6999 |    217 |   3850 |   2342 |   4 | 1804.0 |
     Snake Pit |   9991 |   9763 |    228 |   5066 |   3334 |   4 | 2497.8 |
  Orcish Mines |   3264 |   2875 |    389 |   1024 |   1146 |   2 | 1632.0 |
   Elven Halls |   7412 |   6991 |    421 |   2919 |   2977 |   3 | 2470.7 |
         Abyss |    213 |    213 |      0 |      0 |    114 |   1 |  213.0 |
      Ice Cave |    762 |    762 |      0 |    556 |     58 |   1 |  762.0 |
      Gauntlet |    390 |    390 |      0 |    141 |    140 |   1 |  390.0 |
               +--------+--------+--------+--------+--------+-----+--------+

Top non-repeatable levels by time:
 Swamp:3: 4398 daAuts
 Snake:4: 3740 daAuts
   Elf:3: 3125 daAuts
 Snake:3: 2781 daAuts
 Snake:2: 2701 daAuts
   Elf:1: 2485 daAuts
  Lair:6: 2072 daAuts
    D:11: 1965 daAuts
   Orc:2: 1924 daAuts
     D:1: 1902 daAuts
    D:14: 1865 daAuts
    D:10: 1853 daAuts
     D:6: 1834 daAuts
    D:13: 1816 daAuts
   Elf:2: 1801 daAuts
